Workbook
Name _______a70000: #REF!
Name _______a70000: #REF!
Name ______a100000: #REF!
Name ______a100000: #REF!
Name ______a70000: #REF!
Name ______a70000: #REF!
Name _____a100000: #REF!
Name _____a100000: #REF!
Name _____a70000: #REF!
Name _____a70000: #REF!
Name ____a100000: #REF!
Name ____a100000: #REF!
Name ____a70000: #REF!
Name ____a70000: #REF!
Name ___a100000: #REF!
Name ___a100000: #REF!
Name ___a70000: #REF!
Name ___a70000: #REF!
Name ___SM10: #REF!
Name ___SM10: #REF!
Name __a100000: #REF!
Name __a100000: #REF!
Name __a70000: #REF!
Name __a70000: #REF!
Name __SM1: #REF!
Name __SM1: #REF!
Name __SM1: #REF!
Name __SM1: #REF!
Name __SM1: #REF!
Name __SM1: #REF!
Name __SM10: #REF!
Name __SM10: #REF!
Name __SM10: #REF!
Name __SM10: #REF!
Name __SM10: #REF!
Name __SM11: #REF!
Name __SM11: #REF!
Name __SM11: #REF!
Name __SM11: #REF!
Name __SM11: #REF!
Name __SM12: #REF!
Name __SM12: #REF!
Name __sm13: #REF!
Name __sm13: #REF!
Name __SM2: #REF!
Name __SM2: #REF!
Name __SM3: #REF!
Name __SM3: #REF!
Name __SM4: #REF!
Name __SM4: #REF!
Name __SM5: #REF!
Name __SM5: #REF!
Name __SM6: #REF!
Name __SM6: #REF!
Name __SM7: #REF!
Name __SM7: #REF!
Name __SM8: #REF!
Name __SM8: #REF!
Name __SM9: #REF!
Name __SM9: #REF!

Sheet 028-21-CAPA
A1: VER COMENTÁRIOS NAS CÉLULAS ANTES DE PREENCHER. FAVOR MANTER TODOS OS COMENTÁRIOS DAS CÉLULAS PARA FACILITAR A CONFERÊNCIA DO ARQUIVO Sempre consultar a Cooordenação de arquivos da DITEC para quaisquer dúvidas.
B8: GOVERNO DO DISTRITO FEDERAL
B9: SECRETARIA DE ESTADO DE INFRAESTRUTURA E SERVIÇOS PÚBLICOS
B10: COMPANHIA URBANIZADORA DA NOVA CAPITAL DO BRASIL
B11: CAPA DA PLANILHA ESTIMATIVA
B12: (Conforme Lei 13.313/2016, art. 31, parágrafo 2º)
B14: Nº ESTIMATIVA: | C14: 028/2021-SEORÇA-R.01
B15: TÍTULO: | C15: LOTE 01-Contratação de serviços de sondagem, à percussão e mista, incluindo serviços auxiliares de topografia em diversos locais do Distrito Federal.
B16: Nº PROJETO: | C16: PROJ-DE-017-21
B17: NOME PROJETO: | C17: Contratação de serviços de Sondagem, à percussão e mista, incluindo serviços auxiliares de topografia, e de Levantamento Topográfico Planialtimétrico Cadastral em diversos locais do Distrito Federal.
B18: ENDEREÇO: | C18: Diversos locais do DISTRITO FEDERAL
B19: PRAZO: | C19: 365 dias (12 meses)
B20: DATA: | C20: =TODAY() -> 44643
B21: ORÇAMENTISTA(S): | C21: ENGº. ISLAN DOS SANTOS - CREA 30901-D/DF
B22: DOCUMENTO E SISPROT:
B23: PROCESSO: | C23: 00112-00016661/2021-90
B24: TABELA REFERÊNCIA: | C24: SINAPI - JANEIRO 2022 COM DESONERAÇÃO
B25: SISOBRAS:
B26: OBSERVAÇÕES: | C26: 01-Ressaltamos que esta Anotação de Responsabilidade Técnica (ART) está exclusivamente vinculada aos preços/custos desta estimativa. 02-Os quantitativos são retirados do SEI/GDF 65093785, do processo 00112-00016661/2021-50 03-Será aplicado BDI apenas nos serviços que foram compostos com referencia SINAPI:
B27: RESP. CAPA: | C27: ENGº. ISLAN DOS SANTOS
B29: ESTIMATIVAS COM DESONERAÇÃO:
B30: 028.01/2021-SEORÇA R.01: LOTE 01 - Orçamento
B31: Serviços Especializados: ......................................................................................................... | D31: 618950
B32: Serviços comuns: ......................................................................................................... | D32: 42723.308
B33: VALOR ESTIMADO ......................................................................................................................... | D33: 661673.31
B35: NOTAS: | C35: *Esta planilha é orientativa. Desta forma, é de inteira responsabilidade do contratado as quantidades e valores necessários a completa execução da obra. *Havendo irregularidades neste instrumento, entre em contato com a Ouvidoria de Combate a Corrupção, no telefone 0800-6449060
A175: ENG. TIAGO DE SOUZA OLIVEIRA CREA 249352/D-DF ART: 0720190011830

Sheet 028.01-21-ORÇ.
B1: GOVERNO DO DISTRITO FEDERAL
B2: SECRETARIA DE ESTADO DE INFRAESTRUTURA E SERVIÇOS PÚBLICOS
B3: COMPANHIA URBANIZADORA DA NOVA CAPITAL DO BRASIL
B4: PLANILHA ESTIMATIVA PRINCIPAL
B5: Nº ESTIMATIVA PARCIAL: | D5: 028.01/2021-SEORÇA-R.01 | H5: DATA: | I5: =TODAY() -> 44643
B6: NOME ESTIMATIVA PARCIAL: | D6: LOTE 01-Contratação de serviços de sondagem, à percussão e mista, incluindo serviços auxiliares de topografia em diversos locais do Distrito Federal. | H6: Nº PROJETO: | I6: PROJ-DE-017-21
B7: ENDEREÇO: | C7: EQNP 16/20 AE, Lotes E,F e G - CEILÂNDIA - DF | D7: Diversos locais do DISTRITO FEDERAL | H7: ÁREA:
B8: ENCARGOS TRABALHISTAS: | D8: 81,53%(HORA) 46,82%(MÊS) | E8: B.D.I. : | F8: 0.2693 | H8: TAB. REF.: | I8: SINAPI JAN 2022
B10: ITEM | C10: CÓDIGO | D10: DESCRIÇÃO | E10: UNID. | F10: QUANT. | G10: PREÇO(R$) | H10: BDI | I10: PREÇO TOTAL (R$)
B11: 01.00.000 | D11: SERVIÇOS TÉCNICO-PROFISSIONAIS
B12: 01.01.000 | D12: TOPOGRAFIA
A13: ccu | B13: 01.01.001 | C13: CCU - 001 | D13: =IF(A13="SERVIÇO",VLOOKUP(C13,SERVIÇOS!$A$6:$D$6484,2,0),IF(A13="INSUMO",VLOOKUP(C13,INSUMOS!$A$6:$D$5382,2,0),IF('028.01-21-ORÇ.'!A13="COTAÇÃO",VLOOKUP('028.01-21-ORÇ.'!C13,'028-21-cotação'!$A$8:$J$153,2,0),IF('028.01-21-ORÇ.'!A13="CCU",VLOOKUP('028.01-21-ORÇ.'!C13,'028-21-CCU''s'!$B$8:$H$25,2,0))))) -> TOPOGRAFO COM ENCARGOS COMPLEMENTARES | E13: =IF(A13="SERVIÇO",VLOOKUP(C13,SERVIÇOS!$A$6:$D$6484,3,0),IF(A13="INSUMO",VLOOKUP(C13,INSUMOS!$A$6:$D$5382,3,0),IF('028.01-21-ORÇ.'!A13="COTAÇÃO",VLOOKUP('028.01-21-ORÇ.'!C13,'028-21-cotação'!$A$8:$J$153,4,0),IF('028.01-21-ORÇ.'!A13="CCU",VLOOKUP('028.01-21-ORÇ.'!C13,'028-21-CCU''s'!$B$8:$H$25,4,0))))) -> M2 | F13: 50000 | G13: =IF(A13="SERVIÇO",VLOOKUP(C13,SERVIÇOS!$A$6:$D$6484,4,0),IF(A13="INSUMO",VLOOKUP(C13,INSUMOS!$A$6:$D$5382,4,0),IF('028.01-21-ORÇ.'!A13="COTAÇÃO",VLOOKUP('028.01-21-ORÇ.'!C13,'028-21-cotação'!$A$8:$J$153,3,0),IF('028.01-21-ORÇ.'!A13="CCU",VLOOKUP('028.01-21-ORÇ.'!C13,'028-21-CCU''s'!$B$8:$H$25,7,0))))) -> 0.22152065 | H13: 0.2693 | I13: =F13*(G13*(1+H13)) -> 14058.808
B15: 01.02.000 | D15: GEOTECNIA
B16: 01.02.100 | D16: SONDAGENS
B17: 01.02.103 | D17: SONDAGENS SIMPLES
A18: COTAÇÃO | B18: 01.02.103.1 | C18: COTAÇÃO-001 | D18: =IF(A18="SERVIÇO",VLOOKUP(C18,SERVIÇOS!$A$6:$D$6484,2,0),IF(A18="INSUMO",VLOOKUP(C18,INSUMOS!$A$6:$D$5382,2,0),IF('028.01-21-ORÇ.'!A18="COTAÇÃO",VLOOKUP('028.01-21-ORÇ.'!C18,'028-21-cotação'!$A$8:$J$153,2,0),IF('028.01-21-ORÇ.'!A18="CCU",VLOOKUP('028.01-21-ORÇ.'!C18,'028-21-CCU''s'!$B$8:$H$25,2,0))))) -> SONDAGEM À PERCUSSÃO - SPT | E18: =IF(A18="SERVIÇO",VLOOKUP(C18,SERVIÇOS!$A$6:$D$6484,3,0),IF(A18="INSUMO",VLOOKUP(C18,INSUMOS!$A$6:$D$5382,3,0),IF('028.01-21-ORÇ.'!A18="COTAÇÃO",VLOOKUP('028.01-21-ORÇ.'!C18,'028-21-cotação'!$A$8:$J$153,4,0),IF('028.01-21-ORÇ.'!A18="CCU",VLOOKUP('028.01-21-ORÇ.'!C18,'028-21-CCU''s'!$B$8:$H$25,4,0))))) -> M | F18: 6970 | G18: =IF(A18="SERVIÇO",VLOOKUP(C18,SERVIÇOS!$A$6:$D$6484,4,0),IF(A18="INSUMO",VLOOKUP(C18,INSUMOS!$A$6:$D$5382,4,0),IF('028.01-21-ORÇ.'!A18="COTAÇÃO",VLOOKUP('028.01-21-ORÇ.'!C18,'028-21-cotação'!$A$8:$J$153,3,0),IF('028.01-21-ORÇ.'!A18="CCU",VLOOKUP('028.01-21-ORÇ.'!C18,'028-21-CCU''s'!$B$8:$H$25,7,0))))) -> 75 | H18: 0 | I18: =F18*(G18*(1+H18)) -> 522750
A19: COTAÇÃO | B19: 01.02.103.2 | C19: COTAÇÃO-002 | D19: =IF(A19="SERVIÇO",VLOOKUP(C19,SERVIÇOS!$A$6:$D$6484,2,0),IF(A19="INSUMO",VLOOKUP(C19,INSUMOS!$A$6:$D$5382,2,0),IF('028.01-21-ORÇ.'!A19="COTAÇÃO",VLOOKUP('028.01-21-ORÇ.'!C19,'028-21-cotação'!$A$8:$J$153,2,0),IF('028.01-21-ORÇ.'!A19="CCU",VLOOKUP('028.01-21-ORÇ.'!C19,'028-21-CCU''s'!$B$8:$H$25,2,0))))) -> MOBILIZAÇÃO E DESMOBILIZAÇÃO DE EQUIPAMENTOS-SONDAGEM SIMPLES | E19: =IF(A19="SERVIÇO",VLOOKUP(C19,SERVIÇOS!$A$6:$D$6484,3,0),IF(A19="INSUMO",VLOOKUP(C19,INSUMOS!$A$6:$D$5382,3,0),IF('028.01-21-ORÇ.'!A19="COTAÇÃO",VLOOKUP('028.01-21-ORÇ.'!C19,'028-21-cotação'!$A$8:$J$153,4,0),IF('028.01-21-ORÇ.'!A19="CCU",VLOOKUP('028.01-21-ORÇ.'!C19,'028-21-CCU''s'!$B$8:$H$25,4,0))))) -> UND | F19: 42 | G19: =IF(A19="SERVIÇO",VLOOKUP(C19,SERVIÇOS!$A$6:$D$6484,4,0),IF(A19="INSUMO",VLOOKUP(C19,INSUMOS!$A$6:$D$5382,4,0),IF('028.01-21-ORÇ.'!A19="COTAÇÃO",VLOOKUP('028.01-21-ORÇ.'!C19,'028-21-cotação'!$A$8:$J$153,3,0),IF('028.01-21-ORÇ.'!A19="CCU",VLOOKUP('028.01-21-ORÇ.'!C19,'028-21-CCU''s'!$B$8:$H$25,7,0))))) -> 600 | H19: 0 | I19: =F19*(G19*(1+H19)) -> 25200
B21: 01.02.104 | D21: SONDAGENS ROTATIVA
A22: COTAÇÃO | B22: 01.02.104.1 | C22: COTAÇÃO-004 | D22: =IF(A22="SERVIÇO",VLOOKUP(C22,SERVIÇOS!$A$6:$D$6484,2,0),IF(A22="INSUMO",VLOOKUP(C22,INSUMOS!$A$6:$D$5382,2,0),IF('028.01-21-ORÇ.'!A22="COTAÇÃO",VLOOKUP('028.01-21-ORÇ.'!C22,'028-21-cotação'!$A$8:$J$153,2,0),IF('028.01-21-ORÇ.'!A22="CCU",VLOOKUP('028.01-21-ORÇ.'!C22,'028-21-CCU''s'!$B$8:$H$25,2,0))))) -> SONDAGEM EM SOLO COM PEDREGULHO | E22: =IF(A22="SERVIÇO",VLOOKUP(C22,SERVIÇOS!$A$6:$D$6484,3,0),IF(A22="INSUMO",VLOOKUP(C22,INSUMOS!$A$6:$D$5382,3,0),IF('028.01-21-ORÇ.'!A22="COTAÇÃO",VLOOKUP('028.01-21-ORÇ.'!C22,'028-21-cotação'!$A$8:$J$153,4,0),IF('028.01-21-ORÇ.'!A22="CCU",VLOOKUP('028.01-21-ORÇ.'!C22,'028-21-CCU''s'!$B$8:$H$25,4,0))))) -> M | F22: 50 | G22: =IF(A22="SERVIÇO",VLOOKUP(C22,SERVIÇOS!$A$6:$D$6484,4,0),IF(A22="INSUMO",VLOOKUP(C22,INSUMOS!$A$6:$D$5382,4,0),IF('028.01-21-ORÇ.'!A22="COTAÇÃO",VLOOKUP('028.01-21-ORÇ.'!C22,'028-21-cotação'!$A$8:$J$153,3,0),IF('028.01-21-ORÇ.'!A22="CCU",VLOOKUP('028.01-21-ORÇ.'!C22,'028-21-CCU''s'!$B$8:$H$25,7,0))))) -> 140 | H22: 0 | I22: =F22*(G22*(1+H22)) -> 7000
A23: COTAÇÃO | B23: 01.02.104.2 | C23: COTAÇÃO-005 | D23: =IF(A23="SERVIÇO",VLOOKUP(C23,SERVIÇOS!$A$6:$D$6484,2,0),IF(A23="INSUMO",VLOOKUP(C23,INSUMOS!$A$6:$D$5382,2,0),IF('028.01-21-ORÇ.'!A23="COTAÇÃO",VLOOKUP('028.01-21-ORÇ.'!C23,'028-21-cotação'!$A$8:$J$153,2,0),IF('028.01-21-ORÇ.'!A23="CCU",VLOOKUP('028.01-21-ORÇ.'!C23,'028-21-CCU''s'!$B$8:$H$25,2,0))))) -> SONDAGEM EM ROCHA - POUCO ALTERADA | E23: =IF(A23="SERVIÇO",VLOOKUP(C23,SERVIÇOS!$A$6:$D$6484,3,0),IF(A23="INSUMO",VLOOKUP(C23,INSUMOS!$A$6:$D$5382,3,0),IF('028.01-21-ORÇ.'!A23="COTAÇÃO",VLOOKUP('028.01-21-ORÇ.'!C23,'028-21-cotação'!$A$8:$J$153,4,0),IF('028.01-21-ORÇ.'!A23="CCU",VLOOKUP('028.01-21-ORÇ.'!C23,'028-21-CCU''s'!$B$8:$H$25,4,0))))) -> M | F23: 50 | G23: =IF(A23="SERVIÇO",VLOOKUP(C23,SERVIÇOS!$A$6:$D$6484,4,0),IF(A23="INSUMO",VLOOKUP(C23,INSUMOS!$A$6:$D$5382,4,0),IF('028.01-21-ORÇ.'!A23="COTAÇÃO",VLOOKUP('028.01-21-ORÇ.'!C23,'028-21-cotação'!$A$8:$J$153,3,0),IF('028.01-21-ORÇ.'!A23="CCU",VLOOKUP('028.01-21-ORÇ.'!C23,'028-21-CCU''s'!$B$8:$H$25,7,0))))) -> 230 | H23: 0 | I23: =F23*(G23*(1+H23)) -> 11500
A24: COTAÇÃO | B24: 01.02.104.3 | C24: COTAÇÃO-006 | D24: =IF(A24="SERVIÇO",VLOOKUP(C24,SERVIÇOS!$A$6:$D$6484,2,0),IF(A24="INSUMO",VLOOKUP(C24,INSUMOS!$A$6:$D$5382,2,0),IF('028.01-21-ORÇ.'!A24="COTAÇÃO",VLOOKUP('028.01-21-ORÇ.'!C24,'028-21-cotação'!$A$8:$J$153,2,0),IF('028.01-21-ORÇ.'!A24="CCU",VLOOKUP('028.01-21-ORÇ.'!C24,'028-21-CCU''s'!$B$8:$H$25,2,0))))) -> SONDAGEM EM ROCHA -MEDIAMENTE ALTERADA | E24: =IF(A24="SERVIÇO",VLOOKUP(C24,SERVIÇOS!$A$6:$D$6484,3,0),IF(A24="INSUMO",VLOOKUP(C24,INSUMOS!$A$6:$D$5382,3,0),IF('028.01-21-ORÇ.'!A24="COTAÇÃO",VLOOKUP('028.01-21-ORÇ.'!C24,'028-21-cotação'!$A$8:$J$153,4,0),IF('028.01-21-ORÇ.'!A24="CCU",VLOOKUP('028.01-21-ORÇ.'!C24,'028-21-CCU''s'!$B$8:$H$25,4,0))))) -> M | F24: 50 | G24: =IF(A24="SERVIÇO",VLOOKUP(C24,SERVIÇOS!$A$6:$D$6484,4,0),IF(A24="INSUMO",VLOOKUP(C24,INSUMOS!$A$6:$D$5382,4,0),IF('028.01-21-ORÇ.'!A24="COTAÇÃO",VLOOKUP('028.01-21-ORÇ.'!C24,'028-21-cotação'!$A$8:$J$153,3,0),IF('028.01-21-ORÇ.'!A24="CCU",VLOOKUP('028.01-21-ORÇ.'!C24,'028-21-CCU''s'!$B$8:$H$25,7,0))))) -> 360 | H24: 0 | I24: =F24*(G24*(1+H24)) -> 18000
A25: COTAÇÃO | B25: 01.02.104.4 | C25: COTAÇÃO-007 | D25: =IF(A25="SERVIÇO",VLOOKUP(C25,SERVIÇOS!$A$6:$D$6484,2,0),IF(A25="INSUMO",VLOOKUP(C25,INSUMOS!$A$6:$D$5382,2,0),IF('028.01-21-ORÇ.'!A25="COTAÇÃO",VLOOKUP('028.01-21-ORÇ.'!C25,'028-21-cotação'!$A$8:$J$153,2,0),IF('028.01-21-ORÇ.'!A25="CCU",VLOOKUP('028.01-21-ORÇ.'!C25,'028-21-CCU''s'!$B$8:$H$25,2,0))))) -> SONDAGEM EM ROCHA - MUITO ALTERADA | E25: =IF(A25="SERVIÇO",VLOOKUP(C25,SERVIÇOS!$A$6:$D$6484,3,0),IF(A25="INSUMO",VLOOKUP(C25,INSUMOS!$A$6:$D$5382,3,0),IF('028.01-21-ORÇ.'!A25="COTAÇÃO",VLOOKUP('028.01-21-ORÇ.'!C25,'028-21-cotação'!$A$8:$J$153,4,0),IF('028.01-21-ORÇ.'!A25="CCU",VLOOKUP('028.01-21-ORÇ.'!C25,'028-21-CCU''s'!$B$8:$H$25,4,0))))) -> M | F25: 30 | G25: =IF(A25="SERVIÇO",VLOOKUP(C25,SERVIÇOS!$A$6:$D$6484,4,0),IF(A25="INSUMO",VLOOKUP(C25,INSUMOS!$A$6:$D$5382,4,0),IF('028.01-21-ORÇ.'!A25="COTAÇÃO",VLOOKUP('028.01-21-ORÇ.'!C25,'028-21-cotação'!$A$8:$J$153,3,0),IF('028.01-21-ORÇ.'!A25="CCU",VLOOKUP('028.01-21-ORÇ.'!C25,'028-21-CCU''s'!$B$8:$H$25,7,0))))) -> 450 | H25: 0 | I25: =F25*(G25*(1+H25)) -> 13500
A26: COTAÇÃO | B26: 01.02.104.5 | C26: COTAÇÃO-008 | D26: =IF(A26="SERVIÇO",VLOOKUP(C26,SERVIÇOS!$A$6:$D$6484,2,0),IF(A26="INSUMO",VLOOKUP(C26,INSUMOS!$A$6:$D$5382,2,0),IF('028.01-21-ORÇ.'!A26="COTAÇÃO",VLOOKUP('028.01-21-ORÇ.'!C26,'028-21-cotação'!$A$8:$J$153,2,0),IF('028.01-21-ORÇ.'!A26="CCU",VLOOKUP('028.01-21-ORÇ.'!C26,'028-21-CCU''s'!$B$8:$H$25,2,0))))) -> MOBILIZAÇÃO E DESMOBILIZAÇÃO DE EQUIPAMENTOS-SONDAGEM MISTA | E26: =IF(A26="SERVIÇO",VLOOKUP(C26,SERVIÇOS!$A$6:$D$6484,3,0),IF(A26="INSUMO",VLOOKUP(C26,INSUMOS!$A$6:$D$5382,3,0),IF('028.01-21-ORÇ.'!A26="COTAÇÃO",VLOOKUP('028.01-21-ORÇ.'!C26,'028-21-cotação'!$A$8:$J$153,4,0),IF('028.01-21-ORÇ.'!A26="CCU",VLOOKUP('028.01-21-ORÇ.'!C26,'028-21-CCU''s'!$B$8:$H$25,4,0))))) -> UND | F26: 6 | G26: =IF(A26="SERVIÇO",VLOOKUP(C26,SERVIÇOS!$A$6:$D$6484,4,0),IF(A26="INSUMO",VLOOKUP(C26,INSUMOS!$A$6:$D$5382,4,0),IF('028.01-21-ORÇ.'!A26="COTAÇÃO",VLOOKUP('028.01-21-ORÇ.'!C26,'028-21-cotação'!$A$8:$J$153,3,0),IF('028.01-21-ORÇ.'!A26="CCU",VLOOKUP('028.01-21-ORÇ.'!C26,'028-21-CCU''s'!$B$8:$H$25,7,0))))) -> 3500 | H26: 0 | I26: =F26*(G26*(1+H26)) -> 21000
B28: 01.08.000 | D28: DESPESAS LEGAIS
B29: 01.08.100 | D29: TAXAS
B30: 01.08.100.1 | C30: CREA-DF | D30: ART DOS SERVIÇOS DE TOPOGRAFIA E SONDAGEM | E30: UN | F30: 42 | G30: 91.39 | H30: 0.2693 | I30: =F30*(G30*(1+H30)) -> 4872.0557
G32: SUBTOTAL (Divisão): | I32: =SUM(I13:I31) -> 637880.86
B34: 02.02.000 | D34: DEMOLIÇÃO
B35: 02.02.100 | D35: DEMOLIÇÃO MECÂNIZADA/CONVENCIONAL
A36: ccu | B36: 02.02.100.1 | C36: CCU - 003 | D36: =IF(A36="SERVIÇO",VLOOKUP(C36,SERVIÇOS!$A$6:$D$6484,2,0),IF(A36="INSUMO",VLOOKUP(C36,INSUMOS!$A$6:$D$5382,2,0),IF('028.01-21-ORÇ.'!A36="COTAÇÃO",VLOOKUP('028.01-21-ORÇ.'!C36,'028-21-cotação'!$A$8:$J$153,2,0),IF('028.01-21-ORÇ.'!A36="CCU",VLOOKUP('028.01-21-ORÇ.'!C36,'028-21-CCU''s'!$B$8:$H$25,2,0))))) -> DEMOLIÇÃO MANUAL DE PAVIMENTAÇÃO EM PISO, e= 5CM | E36: =IF(A36="SERVIÇO",VLOOKUP(C36,SERVIÇOS!$A$6:$D$6484,3,0),IF(A36="INSUMO",VLOOKUP(C36,INSUMOS!$A$6:$D$5382,3,0),IF('028.01-21-ORÇ.'!A36="COTAÇÃO",VLOOKUP('028.01-21-ORÇ.'!C36,'028-21-cotação'!$A$8:$J$153,4,0),IF('028.01-21-ORÇ.'!A36="CCU",VLOOKUP('028.01-21-ORÇ.'!C36,'028-21-CCU''s'!$B$8:$H$25,4,0))))) -> M2 | F36: 110 | G36: =IF(A36="SERVIÇO",VLOOKUP(C36,SERVIÇOS!$A$6:$D$6484,4,0),IF(A36="INSUMO",VLOOKUP(C36,INSUMOS!$A$6:$D$5382,4,0),IF('028.01-21-ORÇ.'!A36="COTAÇÃO",VLOOKUP('028.01-21-ORÇ.'!C36,'028-21-cotação'!$A$8:$J$153,3,0),IF('028.01-21-ORÇ.'!A36="CCU",VLOOKUP('028.01-21-ORÇ.'!C36,'028-21-CCU''s'!$B$8:$H$25,7,0))))) -> 22.139 | H36: 0.2693 | I36: =F36*(G36*(1+H36)) -> 3091.1136
A37: ccu | B37: 02.02.100.2 | C37: CCU - 002 | D37: =IF(A37="SERVIÇO",VLOOKUP(C37,SERVIÇOS!$A$6:$D$6484,2,0),IF(A37="INSUMO",VLOOKUP(C37,INSUMOS!$A$6:$D$5382,2,0),IF('028.01-21-ORÇ.'!A37="COTAÇÃO",VLOOKUP('028.01-21-ORÇ.'!C37,'028-21-cotação'!$A$8:$J$153,2,0),IF('028.01-21-ORÇ.'!A37="CCU",VLOOKUP('028.01-21-ORÇ.'!C37,'028-21-CCU''s'!$B$8:$H$25,2,0))))) -> DEMOLIÇÃO DE CONCRETO SIMPLES | E37: =IF(A37="SERVIÇO",VLOOKUP(C37,SERVIÇOS!$A$6:$D$6484,3,0),IF(A37="INSUMO",VLOOKUP(C37,INSUMOS!$A$6:$D$5382,3,0),IF('028.01-21-ORÇ.'!A37="COTAÇÃO",VLOOKUP('028.01-21-ORÇ.'!C37,'028-21-cotação'!$A$8:$J$153,4,0),IF('028.01-21-ORÇ.'!A37="CCU",VLOOKUP('028.01-21-ORÇ.'!C37,'028-21-CCU''s'!$B$8:$H$25,4,0))))) -> M3 | F37: 25 | G37: =IF(A37="SERVIÇO",VLOOKUP(C37,SERVIÇOS!$A$6:$D$6484,4,0),IF(A37="INSUMO",VLOOKUP(C37,INSUMOS!$A$6:$D$5382,4,0),IF('028.01-21-ORÇ.'!A37="COTAÇÃO",VLOOKUP('028.01-21-ORÇ.'!C37,'028-21-cotação'!$A$8:$J$153,3,0),IF('028.01-21-ORÇ.'!A37="CCU",VLOOKUP('028.01-21-ORÇ.'!C37,'028-21-CCU''s'!$B$8:$H$25,7,0))))) -> 250.77 | H37: 0.2693 | I37: =F37*(G37*(1+H37)) -> 7957.559
B39: 02.04.000 | D39: TERRAPLENAGEM
B40: 02.04.101 | D40: CAPINO E ROÇADO
A41: SERVIÇO | B41: 02.04.101.1 | C41: 98524 | D41: =IF(A41="SERVIÇO",VLOOKUP(C41,SERVIÇOS!$A$6:$D$64084,2,0),IF(A41="INSUMO",VLOOKUP(C41,INSUMOS!$A$6:$D$5382,2,0),IF('028.01-21-ORÇ.'!A41="COTAÇÃO",VLOOKUP('028.01-21-ORÇ.'!C41,'028-21-cotação'!$A$8:$J$153,2,0),IF('028.01-21-ORÇ.'!A41="CCU",VLOOKUP('028.01-21-ORÇ.'!C41,'028-21-CCU''s'!$B$8:$H$25,2,0))))) -> LIMPEZA MANUAL DE VEGETAÇÃO EM TERRENO COM ENXADA.AF_05/2018 | E41: =IF(A41="SERVIÇO",VLOOKUP(C41,SERVIÇOS!$A$6:$D$64840,3,0),IF(A41="INSUMO",VLOOKUP(C41,INSUMOS!$A$6:$D$5382,3,0),IF('028.01-21-ORÇ.'!A41="COTAÇÃO",VLOOKUP('028.01-21-ORÇ.'!C41,'028-21-cotação'!$A$8:$J$153,4,0),IF('028.01-21-ORÇ.'!A41="CCU",VLOOKUP('028.01-21-ORÇ.'!C41,'028-21-CCU''s'!$B$8:$H$25,4,0))))) -> M2 | F41: 4000 | G41: =IF(A41="SERVIÇO",VLOOKUP(C41,SERVIÇOS!$A$6:$D$64804,4,0),IF(A41="INSUMO",VLOOKUP(C41,INSUMOS!$A$6:$D$5382,4,0),IF('028.01-21-ORÇ.'!A41="COTAÇÃO",VLOOKUP('028.01-21-ORÇ.'!C41,'028-21-cotação'!$A$8:$J$153,3,0),IF('028.01-21-ORÇ.'!A41="CCU",VLOOKUP('028.01-21-ORÇ.'!C41,'028-21-CCU''s'!$B$8:$H$25,7,0))))) -> 2,51 | H41: 0.2693 | I41: =F41*(G41*(1+H41)) -> 12743.772
G43: SUBTOTAL (Divisão): | I43: =SUM(I36:I42) -> 23792.445
G44: TOTAL GERAL: | I44: =I32+I43 -> 661673.31
B46: ENG. ISLAN SANTOS CREA 30901-D/DF ART: 0720220013150
B47: ENG. TIAGO DE SOUZA OLIVEIRA CREA 24315-9 ART: 07202100477005
A171: ENG. TIAGO DE SOUZA OLIVEIRA CREA 249352/D-DF ART: 0720190011830

Sheet 028-21-CCU's
B1: GOVERNO DO DISTRITO FEDERAL
B2: SECRETARIA DE ESTADO DE INFRAESTRUTURA E SERVIÇOS PÚBLICOS
B3: COMPANHIA URBANIZADORA DA NOVA CAPITAL DO BRASIL
B4: PLANILHA DE COMPOSIÇÕES
B5: Nº ESTIMATIVA PRINCIPAL: | C5: 028/2021-SEORÇA-R.01 | G5: DATA: | H5: =TODAY() -> 44643
B6: TÍTULO: | C6: LOTE 01-Contratação de serviços de sondagem, à percussão e mista, incluindo serviços auxiliares de topografia em diversos locais do Distrito Federal. | G6: Nº PROJETO: | H6: PROJ-DE-017-21
B7: ENCARGOS TRABALHISTAS: | C7: ='028.01-21-ORÇ.'!D8 -> 81,53%(HORA) 46,82%(MÊS) | D7: B.D.I. : | E7: 26,93% | G7: TAB. REF.: | H7: ='028.01-21-ORÇ.'!I8 -> SINAPI JAN 2022
B9: CCU - 001 | C9: TOPOGRAFO COM ENCARGOS COMPLEMENTARES | D9: SER.CG | E9: M2 | H9: 0.22152065
A10: insumo | B10: 7247 | C10: LOCACAO DE TEODOLITO ELETRONICO, PRECISAO ANGULAR DE 5 A 7 SEGUNDOS, INCLUINDO TRIPE | D10: EQUIP. | E10: H | F10: 0.00373284 | G10: 2,25 | H10: 0.00839889
A11: SERVIÇO | B11: 90781 | C11: TOPOGRAFO COM ENCARGOS COMPLEMENTARES | D11: M.O | E11: H | F11: 0.0013965 | G11: 17,09 | H11: 0.023866185
A12: SERVIÇO | B12: 90775 | C12: DESENHISTA PROJETISTA COM ENCARGOS COMPLEMENTARES | D12: M.O | E12: H | F12: 0.0013965 | G12: 23,56 | H12: 0.03290154
A13: SERVIÇO | B13: 88253 | C13: AUXILIAR DE TOPÓGRAFO COM ENCARGOS COMPLEMENTARES | D13: M.O | E13: H | F13: 0.005607 | G13: 7,89 | H13: 0.04423923
A14: SERVIÇO | B14: 90777 | C14: ENGENHEIRO CIVIL DE OBRA JUNIOR COM ENCARGOS COMPLEMENTARES | D14: M.O | E14: H | F14: 0.00042 | G14: 79,61 | H14: 0.0334362
A15: SERVIÇO | B15: 88316 | C15: SERVENTE COM ENCARGOS COMPLEMENTARES | D15: M.O | E15: H | F15: 0.00462 | G15: 17,03 | H15: 0.0786786
B16: Observação: | C16: 01.016.0012-0 -emop
B18: CCU - 002 | C18: DEMOLIÇÃO DE CONCRETO SIMPLES | D18: SER.CG | E18: M3 | H18: 250.77
A19: SERVIÇO | B19: 88316 | C19: SERVENTE COM ENCARGOS COMPLEMENTARES | D19: M.O | E19: H | F19: 13 | G19: 17,03 | H19: 221.39
A20: SERVIÇO | B20: 88309 | C20: PEDREIRO COM ENCARGOS COMPLEMENTARES | D20: M.O | E20: H | F20: 1.3 | G20: 22,60 | H20: 29.38
B21: Observação: | C21: 00013/ORSE
B23: CCU - 003 | C23: DEMOLIÇÃO MANUAL DE PAVIMENTAÇÃO EM PISO, e= 5CM | D23: SER.CG | E23: M2 | H23: 22.139
A24: SERVIÇO | B24: 88316 | C24: SERVENTE COM ENCARGOS COMPLEMENTARES | D24: M.O | E24: H | F24: 1.3 | G24: 17,03 | H24: 22.139
B25: Observação: | C25: 05.001.0017-0 - EMOP
B27: ENG. ISLAN SANTOS CREA 30901-D/DF ART: 0720220013150
B28: ENG. TIAGO DE SOUZA OLIVEIRA CREA 24315-9 ART: 07202100477005
A179: ENG. TIAGO DE SOUZA OLIVEIRA CREA 249352/D-DF ART: 0720190011830

Sheet 028-21-CCA
B1: GOVERNO DO DISTRITO FEDERAL
B2: SECRETARIA DE ESTADO DE INFRAESTRUTURA E SERVIÇOS PÚBLICOS
B3: COMPANHIA URBANIZADORA DA NOVA CAPITAL DO BRASIL
B4: PLANILHA DE COMPOSIÇÕES
B5: Nº ESTIMATIVA PRINCIPAL: | C5: 028/2021-SEORÇA-R.01 | G5: DATA: | H5: =TODAY() -> 44643
B6: TÍTULO: | C6: LOTE 01-Contratação de serviços de sondagem, à percussão e mista, incluindo serviços auxiliares de topografia em diversos locais do Distrito Federal. | G6: Nº PROJETO: | H6: PROJ-DE-017-21
B7: ENCARGOS TRABALHISTAS: | C7: ='028.01-21-ORÇ.'!D8 -> 81,53%(HORA) 46,82%(MÊS) | D7: B.D.I. : | E7: 26,93% | G7: TAB. REF.: | H7: ='028.01-21-ORÇ.'!I8 -> SINAPI JAN 2022
B9: 90781 | C9: TOPOGRAFO COM ENCARGOS COMPLEMENTARES | D9: SER.CG | E9: H | H9: 17.09
A10: insumo | B10: 7592 | C10: TOPOGRAFO | D10: M.O | E10: H | F10: 1 | G10: 15,43 | H10: 15.43
A11: insumo | B11: 37372 | C11: EXAMES - HORISTA (COLETADO CAIXA) | D11: M.O | E11: H | F11: 1 | G11: 0,81 | H11: 0.81
A12: insumo | B12: 37373 | C12: SEGURO - HORISTA (COLETADO CAIXA) | D12: M.O | E12: H | F12: 1 | G12: 0,06 | H12: 0.06
A13: insumo | B13: 43469 | C13: FERRAMENTAS - FAMILIA TOPOGRAFO - HORISTA (ENCARGOS COMPLEMENTARES - COLETADO CAIXA) | D13: FERR. | E13: H | F13: 1 | G13: 0,07 | H13: 0.07
A14: insumo | B14: 43493 | C14: EPI - FAMILIA TOPOGRAFO - HORISTA (ENCARGOS COMPLEMENTARES - COLETADO CAIXA) | D14: E.P.I | E14: H | F14: 1 | G14: 0,62 | H14: 0.62
A15: SERVIÇO | B15: 95406 | C15: CURSO DE CAPACITAÇÃO PARA TOPÓGRAFO (ENCARGOS COMPLEMENTARES) - HORISTA | D15: CAPACIT. | E15: H | F15: 1 | G15: 0,10 | H15: 0.1
B16: Observação: | C16: 90781 SINAPI
B18: 90775 | C18: DESENHISTA PROJETISTA COM ENCARGOS COMPLEMENTARES | D18: SER.CG | E18: H | H18: 23.56
A19: insumo | B19: 2358 | C19: DESENHISTA PROJETISTA | D19: M.O | E19: H | F19: 1 | G19: 21,92 | H19: 21.92
A20: insumo | B20: 37372 | C20: EXAMES - HORISTA (COLETADO CAIXA) | D20: M.O | E20: H | F20: 1 | G20: 0,81 | H20: 0.81
A21: insumo | B21: 37373 | C21: SEGURO - HORISTA (COLETADO CAIXA) | D21: M.O | E21: H | F21: 1 | G21: 0,06 | H21: 0.06
A22: insumo | B22: 43469 | C22: FERRAMENTAS - FAMILIA TOPOGRAFO - HORISTA (ENCARGOS COMPLEMENTARES - COLETADO CAIXA) | D22: FERR. | E22: H | F22: 1 | G22: 0,07 | H22: 0.07
A23: insumo | B23: 43493 | C23: EPI - FAMILIA TOPOGRAFO - HORISTA (ENCARGOS COMPLEMENTARES - COLETADO CAIXA) | D23: E.P.I | E23: H | F23: 1 | G23: 0,62 | H23: 0.62
A24: SERVIÇO | B24: 95400 | C24: CURSO DE CAPACITAÇÃO PARA DESENHISTA PROJETISTA (ENCARGOS COMPLEMENTARES) - HORISTA | D24: CAPACIT. | E24: H | F24: 1 | G24: 0,08 | H24: 0.08
B25: Observação: | C25: 90775 SINAPI
B27: 88253 | C27: AUXILIAR DE TOPÓGRAFO COM ENCARGOS COMPLEMENTARES | D27: SER.CG | E27: H | H27: 7.89
A28: insumo | B28: 244 | C28: AUXILIAR DE TOPOGRAFO | D28: M.O | E28: H | F28: 1 | G28: 6,29 | H28: 6.29
A29: insumo | B29: 37372 | C29: EXAMES - HORISTA (COLETADO CAIXA) | D29: M.O | E29: H | F29: 1 | G29: 0,81 | H29: 0.81
A30: insumo | B30: 37373 | C30: SEGURO - HORISTA (COLETADO CAIXA) | D30: M.O | E30: H | F30: 1 | G30: 0,06 | H30: 0.06
A31: insumo | B31: 43469 | C31: FERRAMENTAS - FAMILIA TOPOGRAFO - HORISTA (ENCARGOS COMPLEMENTARES - COLETADO CAIXA) | D31: FERR. | E31: H | F31: 1 | G31: 0,07 | H31: 0.07
A32: insumo | B32: 43493 | C32: EPI - FAMILIA TOPOGRAFO - HORISTA (ENCARGOS COMPLEMENTARES - COLETADO CAIXA) | D32: E.P.I | E32: H | F32: 1 | G32: 0,62 | H32: 0.62
A33: SERVIÇO | B33: 95322 | C33: CURSO DE CAPACITAÇÃO PARA AUXILIAR DE TOPÓGRAFO (ENCARGOS COMPLEMENTARES) - HORISTA | D33: CAPACIT. | E33: H | F33: 1 | G33: 0,04 | H33: 0.04
B34: Observação: | C34: 88253 SINAPI
B36: 88316 | C36: SERVENTE COM ENCARGOS COMPLEMENTARES | D36: SER.CG | E36: H | H36: 17.03
A37: insumo | B37: 6111 | C37: SERVENTE DE OBRAS | D37: M.O | E37: H | F37: 1 | G37: 10,07 | H37: 10.07
A38: insumo | B38: 37370 | C38: ALIMENTACAO - HORISTA (COLETADO CAIXA) | D38: ALIMENT. | E38: H | F38: 1 | G38: 2,85 | H38: 2.85
A39: insumo | B39: 37371 | C39: TRANSPORTE - HORISTA (COLETADO CAIXA) | D39: M.O | E39: H | F39: 1 | G39: 1,36 | H39: 1.36
A40: insumo | B40: 37372 | C40: EXAMES - HORISTA (COLETADO CAIXA) | D40: M.O | E40: H | F40: 1 | G40: 0,81 | H40: 0.81
A41: insumo | B41: 37373 | C41: SEGURO - HORISTA (COLETADO CAIXA) | D41: M.O | E41: H | F41: 1 | G41: 0,06 | H41: 0.06
A42: insumo | B42: 43467 | C42: FERRAMENTAS - FAMILIA SERVENTE - HORISTA (ENCARGOS COMPLEMENTARES - COLETADO CAIXA) | D42: FERR. | E42: H | F42: 1 | G42: 0,56 | H42: 0.56
A43: insumo | B43: 43491 | C43: EPI - FAMILIA SERVENTE - HORISTA (ENCARGOS COMPLEMENTARES - COLETADO CAIXA) | D43: E.P.I | E43: H | F43: 1 | G43: 1,15 | H43: 1.15
A44: SERVIÇO | B44: 95378 | C44: CURSO DE CAPACITAÇÃO PARA SERVENTE (ENCARGOS COMPLEMENTARES) - HORISTA | D44: CAPACIT. | E44: H | F44: 1 | G44: 0,17 | H44: 0.17
B45: Observação: | C45: 88316 SINAPI
B47: 88309 | C47: PEDREIRO COM ENCARGOS COMPLEMENTARES | D47: SER.CG | E47: H | H47: 22.6
A48: insumo | B48: 4750 | C48: PEDREIRO (HORISTA) | D48: M.O | E48: H | F48: 1 | G48: 15,43 | H48: 15.43
A49: insumo | B49: 37370 | C49: ALIMENTACAO - HORISTA (COLETADO CAIXA) | D49: ALIMENT. | E49: H | F49: 1 | G49: 2,85 | H49: 2.85
A50: insumo | B50: 37371 | C50: TRANSPORTE - HORISTA (COLETADO CAIXA) | D50: M.O | E50: H | F50: 1 | G50: 1,36 | H50: 1.36
A51: insumo | B51: 37372 | C51: EXAMES - HORISTA (COLETADO CAIXA) | D51: M.O | E51: H | F51: 1 | G51: 0,81 | H51: 0.81
A52: insumo | B52: 37373 | C52: SEGURO - HORISTA (COLETADO CAIXA) | D52: M.O | E52: H | F52: 1 | G52: 0,06 | H52: 0.06
A53: insumo | B53: 43465 | C53: FERRAMENTAS - FAMILIA PEDREIRO - HORISTA (ENCARGOS COMPLEMENTARES - COLETADO CAIXA) | D53: FERR. | E53: H | F53: 1 | G53: 0,74 | H53: 0.74
A54: insumo | B54: 43489 | C54: EPI - FAMILIA PEDREIRO - HORISTA (ENCARGOS COMPLEMENTARES - COLETADO CAIXA) | D54: E.P.I | E54: H | F54: 1 | G54: 1,09 | H54: 1.09
A55: SERVIÇO | B55: 95371 | C55: CURSO DE CAPACITAÇÃO PARA PEDREIRO (ENCARGOS COMPLEMENTARES) - HORISTA | D55: CAPACIT. | E55: H | F55: 1 | G55: 0,26 | H55: 0.26
B56: Observação: | C56: 88309 SINAPI
B58: 98524 | C58: LIMPEZA MANUAL DE VEGETAÇÃO EM TERRENO COM ENXADA.AF_05/2018 | D58: SER.CG | E58: M2 | H58: 2.515154
A59: SERVIÇO | B59: 88316 | C59: SERVENTE COM ENCARGOS COMPLEMENTARES | D59: M.O | E59: H | F59: 0.0718 | G59: 17,03 | H59: 1.222754
A60: SERVIÇO | B60: 88441 | C60: JARDINEIRO COM ENCARGOS COMPLEMENTARES | D60: M.O | E60: H | F60: 0.0718 | G60: 18,00 | H60: 1.2924
B61: Observação: | C61: 98524 SINAPI
B63: 88441 | C63: JARDINEIRO COM ENCARGOS COMPLEMENTARES | D63: SER.CG | E63: H | H63: 18
A64: insumo | B64: 37370 | C64: ALIMENTACAO - HORISTA (COLETADO CAIXA) | D64: ALIMENT. | E64: H | F64: 1 | G64: 2,85 | H64: 2.85
A65: insumo | B65: 37371 | C65: TRANSPORTE - HORISTA (COLETADO CAIXA) | D65: M.O | E65: H | F65: 1 | G65: 1,36 | H65: 1.36
A66: insumo | B66: 37372 | C66: EXAMES - HORISTA (COLETADO CAIXA) | D66: M.O | E66: H | F66: 1 | G66: 0,81 | H66: 0.81
A67: insumo | B67: 37373 | C67: SEGURO - HORISTA (COLETADO CAIXA) | D67: M.O | E67: H | F67: 1 | G67: 0,06 | H67: 0.06
A68: insumo | B68: 43465 | C68: FERRAMENTAS - FAMILIA PEDREIRO - HORISTA (ENCARGOS COMPLEMENTARES - COLETADO CAIXA) | D68: FERR. | E68: H | F68: 1 | G68: 0,74 | H68: 0.74
A69: insumo | B69: 43489 | C69: EPI - FAMILIA PEDREIRO - HORISTA (ENCARGOS COMPLEMENTARES - COLETADO CAIXA) | D69: E.P.I | E69: H | F69: 1 | G69: 1,09 | H69: 1.09
A70: insumo | B70: 44503 | C70: JARDINEIRO (HORISTA) | D70: M.O | E70: H | F70: 1 | G70: 11,05 | H70: 11.05
A71: SERVIÇO | B71: 95390 | C71: CURSO DE CAPACITAÇÃO PARA JARDINEIRO (ENCARGOS COMPLEMENTARES) - HORISTA | D71: CAPACIT. | E71: H | F71: 1 | G71: 0,04 | H71: 0.04
B72: Observação: | C72: 88441 SINAPI
B79: ENG. TIAGO DE SOUZA OLIVEIRA CREA 24315-9 ART: 07202100477005
A85: ENG. TIAGO DE SOUZA OLIVEIRA CREA 249352/D-DF ART: 07201900118303
A230: ENG. TIAGO DE SOUZA OLIVEIRA CREA 249352/D-DF ART: 0720190011830

Sheet 028-21-cotação
A1: GOVERNO DO DISTRITO FEDERAL
A2: SECRETARIA DE ESTADO DE INFRAESTRUTURA E SERVIÇOS PÚBLICOS
A3: COMPANHIA URBANIZADORA DA NOVA CAPITAL DO BRASIL
A4: COTAÇÕES
A5: Nº ESTIMATIVA PRINCIPAL: | B5: 028/2021-SEORÇA-R.01 | F5: DATA: | G5: =TODAY() -> 44643
A6: TÍTULO: | B6: LOTE 01-Contratação de serviços de sondagem, à percussão e mista, incluindo serviços auxiliares de topografia em diversos locais do Distrito Federal. | F6: Nº PROJETO: | G6: PROJ-DE-017-21
A8: COTAÇÃO | B8: MATERIAL | C8: VALOR ADOTADO | D8: UN | E8: EMPRESA | F8: EMPRESA | G8: EMPRESA | H8: EMPRESA | I8: EMPRESA | J8: EMPRESA
A10: COTAÇÃO-0001 | B10: JANELA EM VENEZIANA METÁLICA FIXA PARA VENTILAÇÃO PERMANENTE | C10: =MIN(E12:J12) -> 225 | D10: M2 | E10: SERRALHERIA RAUL | I10: JW METAL | J10: VITRALY PORTÕES | K10: MAT.
C11: CONTATO | E11: serralheriaraul@bol.com.br | I11: jwmetalserralheria@gmail.com | J11: contato@vitralyportoes.com.br | K11: MEDIANA | L11: 30% MAIOR | M11: 30%MENOR
C12: PREÇO | E12: 225 | J12: 236 | K12: =MEDIAN(E12:J12) -> 230.5 | L12: =K12*1.3 -> 299.65 | M12: =K12*0.7 -> 161.35
C13: CNPJ
C14: TELEFONE | E14: (61) 3434-2792 | I14: (61) 9 9250-9097 | J14: (61) 3333-7083
C15: DATA | E15: 43256 | I15: 43256 | J15: 43256
A17: COTAÇÃO-0002 | B17: PERFIL QUADRADO 50X50#2,00MM | C17: =MIN(E19:J19) -> 4.07 | D17: KG | E17: P I N H E I R O | I17: Gravia | J17: MAQUINAS TERRA | K17: MAT.
C18: CONTATO | E18: FAUSTO | I18: RUSSEL | J18: VINICIUS | K18: MEDIANA | L18: 30% MAIOR | M18: 30%MENOR
C19: PREÇO | E19: 4.07 | I19: 4.77 | J19: 4.18 | K19: =MEDIAN(E19:J19) -> 4.18 | L19: =K19*1.3 -> 5.434 | M19: =K19*0.7 -> 2.926
C20: CNPJ | E20: 00.002.329/0001-91 | I20: 26.487.744/0003-38 | J20: 26.429.167/0001/66
C21: TELEFONE | E21: 3012-8181 | I21: 3403-0444 | J21: 3585-2595
C22: DATA | E22: 43256 | I22: 43256 | J22: 43256
A24: COTAÇÃO-0003 | B24: PERFIL "Z" 50X25MM#2,00MM | C24: =MIN(E26:J26) -> 4.1333333 | D24: KG | E24: P I N H E I R O | I24: Gravia | J24: MAQUINAS TERRA | K24: MAT.
C25: CONTATO | E25: FAUSTO | I25: RUSSEL | J25: VINICIUS | K25: MEDIANA | L25: 30% MAIOR | M25: 30%MENOR
C26: PREÇO | E26: =17.4/3 -> 5.8 | I26: =12.4/3 -> 4.1333333 | J26: =13/3 -> 4.3333333 | K26: =MEDIAN(E26:J26) -> 4.3333333 | L26: =K26*1.3 -> 5.6333333 | M26: =K26*0.7 -> 3.0333333
C27: CNPJ | E27: 00.002.329/0001-91 | I27: 26.487.744/0003-38 | J27: 26.429.167/0001/66
A28: ENG. TIAGO DE SOUZA OLIVEIRA CREA 249352/D-DF ART: 07201900118303 | C28: TELEFONE | E28: 3012-8181 | I28: 3403-0444 | J28: 3585-2595
C29: DATA | E29: 43256 | I29: 43256 | J29: 43256
A31: COTAÇÃO-0004 | B31: QUADRO DE DISTRIBUIÇÃO METÁLICO DENOMINADO (QDFL-1), TIPO MODULAR, CONFORME NORMA NBR 60439-1/2003 (TIPO TTA) | C31: =MIN(E33:J33) -> 10314.75 | D31: UN | E31: MP PROJETOS | I31: M&M TECNOLOGIA | J31: ARS ENGENHARIA | K31: MAT.
C32: CONTATO | E32: FERNANDO BALBINO | I32: MARCELO TADEU | J32: PAULO HENRIQUE | K32: MEDIANA | L32: 30% MAIOR | M32: 30%MENOR | O32: 1
C33: PREÇO | E33: 11105.95 | I33: 10314.75 | J33: 11802 | K33: =MEDIAN(E33:J33) -> 11105.95 | L33: =K33*1.3 -> 14437.735 | M33: =K33*0.7 -> 7774.165 | O33: X
C34: CNPJ | E34: - | I34: 20.042.234/001-09 | J34: - | O34: =(#REF!*O32)/#REF! -> #REF!
A35: COTAÇÃO-0005 | B35: QUADRO DE DISTRIBUIÇÃO METÁLICO DENOMINADO (QDFL-2), TIPO MODULAR, CONFORME NORMA NBR 60439-1/2003 (TIPO TTA) | C35: =MIN(E37:J37) -> 10314.75 | D35: UN | E35: MP PROJETOS | I35: M&M TECNOLOGIA | J35: ARS ENGENHARIA | K35: MAT.
C36: CONTATO | E36: FERNANDO BALBINO | I36: MARCELO TADEU | J36: PAULO HENRIQUE | K36: MEDIANA | L36: 30% MAIOR | M36: 30%MENOR
C37: PREÇO | E37: 11105.95 | I37: 10314.75 | J37: 11802 | K37: =MEDIAN(E37:J37) -> 11105.95 | L37: =K37*1.3 -> 14437.735 | M37: =K37*0.7 -> 7774.165
C38: CNPJ | E38: - | I38: 20.042.234/001-09 | J38: -
C39: TELEFONE | E39: 3427-3309 | I39: 3427-3309 | J39: 3037-8952
C40: DATA | E40: 43290 | I40: 43290 | J40: 43286
A42: COTAÇÃO-0006 | B42: QUADRO DE DISTRIBUIÇÃO METÁLICO DENOMINADO (QPDEN-1), TIPO MODULAR, CONFORME NORMA NBR 60439-1/2003 (TIPO TTA) | C42: =MIN(E44:J44) -> 225675 | D42: UN | E42: MP PROJETOS | I42: M&M TECNOLOGIA | J42: ARS ENGENHARIA | K42: MAT.
C43: CONTATO | E43: FERNANDO BALBINO | I43: MARCELO TADEU | J43: PAULO HENRIQUE | K43: MEDIANA | L43: 30% MAIOR | M43: 30%MENOR
C44: PREÇO | E44: 242985.6 | I44: 225675 | J44: 258268 | K44: =MEDIAN(E44:J44) -> 242985.6 | L44: =K44*1.3 -> 315881.28 | M44: =K44*0.7 -> 170089.92
C45: CNPJ | E45: - | I45: 20.042.234/001-09 | J45: -
C46: TELEFONE | E46: 3427-3309 | I46: 3427-3309 | J46: 3037-8952
C47: DATA | E47: 43290 | I47: 43290 | J47: 43286
A49: COTAÇÃO-0007 | B49: QUADRO DE DISTRIBUIÇÃO METÁLICO DENOMINADO (QPDEN-2), TIPO MODULAR, CONFORME NORMA NBR 60439-1/2003 (TIPO TTA) | C49: =MIN(E51:J51) -> 225675 | D49: UN | E49: MP PROJETOS | I49: M&M TECNOLOGIA | J49: ARS ENGENHARIA | K49: MAT.
C50: CONTATO | E50: FERNANDO BALBINO | I50: MARCELO TADEU | J50: PAULO HENRIQUE | K50: MEDIANA | L50: 30% MAIOR | M50: 30%MENOR
C51: PREÇO | E51: 242985.6 | I51: 225675 | J51: 258268 | K51: =MEDIAN(E51:J51) -> 242985.6 | L51: =K51*1.3 -> 315881.28 | M51: =K51*0.7 -> 170089.92
C52: CNPJ | E52: - | I52: 20.042.234/001-09 | J52: -
C53: TELEFONE | E53: 3427-3309 | I53: 3427-3309 | J53: 3037-8952
C54: DATA | E54: 43290 | I54: 43290 | J54: 43286
A56: COTAÇÃO-0008 | B56: QUADRO DE DISTRIBUIÇÃO METÁLICO DENOMINADO (QDEF-1), TIPO MODULAR, CONFORME NORMA NBR 60439-1/2003 (TIPO TTA) | C56: =MIN(E58:J58) -> 72228.75 | D56: UN | E56: MP PROJETOS | I56: M&M TECNOLOGIA | J56: ARS ENGENHARIA | K56: MAT.
C57: CONTATO | E57: FERNANDO BALBINO | I57: MARCELO TADEU | J57: PAULO HENRIQUE | K57: MEDIANA | L57: 30% MAIOR | M57: 30%MENOR
C58: PREÇO | E58: 77769.12 | I58: 72228.75 | J58: 82690 | K58: =MEDIAN(E58:J58) -> 77769.12 | L58: =K58*1.3 -> 101099.86 | M58: =K58*0.7 -> 54438.384
C59: CNPJ | E59: - | I59: 20.042.234/001-09 | J59: -
C60: TELEFONE | E60: 3427-3309 | I60: 3427-3309 | J60: 3037-8952
C61: DATA | E61: 43290 | I61: 43290 | J61: 43286
A63: COTAÇÃO-001 | B63: SONDAGEM À PERCUSSÃO - SPT | C63: =MIN(E65:J65) -> 75 | D63: M | E63: TORRES GEOTECNIA | F63: FUNDEX | G63: SONDA SOLOS | K63: MAT.
C64: CONTATO | E64: torrespropostas@gmail.com | F64: dickranjr@fundex.com.br | G64: sonda@sondaengenharia.com.br | K64: MEDIANA | L64: 30% MAIOR | M64: 30%MENOR
C65: PREÇO | E65: 80 | F65: 75 | G65: 80 | K65: =MEDIAN(E65:J65) -> 80 | L65: =K65*1.3 -> 104 | M65: =K65*0.7 -> 56
C66: CNPJ | E66: 26.876.013/0001-12 | F66: 09.070.704/0001-75 | G66: 00.313.809/0001-73
C67: TELEFONE | E67: (31) 3024-0362 | F67: (61) 3363-8606 | G67: (61) 3363-9199
C68: DATA | E68: 44588 | F68: 44593 | G68: 44595
A70: COTAÇÃO-0010 | B70: QUADRO DE DISTRIBUIÇÃO METÁLICO DENOMINADO (QDAC-PAINEL 5), TIPO MODULAR, CONFORME NORMA NBR 60439-1/2003 (TIPO TTA) | C70: =MIN(E72:J72) -> 0 | D70: UN | K70: MAT.
C71: CONTATO | K71: MEDIANA | L71: 30% MAIOR | M71: 30%MENOR
C72: PREÇO | K72: =MEDIAN(E72:J72) -> #NUM! | L72: =K72*1.3 -> #NUM! | M72: =K72*0.7 -> #NUM!
C73: CNPJ
C74: TELEFONE
C75: DATA
A77: COTAÇÃO-0011 | B77: QUADRO DE DISTRIBUIÇÃO METÁLICO DENOMINADO (QSDEN-PAINEL 6), TIPO MODULAR, CONFORME NORMA NBR 60439-1/2003 (TIPO TTA) | C77: =MIN(E79:J79) -> 0 | D77: UN | K77: MAT.
C78: CONTATO | K78: MEDIANA | L78: 30% MAIOR | M78: 30%MENOR
C79: PREÇO | K79: =MEDIAN(E79:J79) -> #NUM! | L79: =K79*1.3 -> #NUM! | M79: =K79*0.7 -> #NUM!
C80: CNPJ
C81: TELEFONE
C82: DATA
A84: COTAÇÃO-0012 | B84: QUADRO DE DISTRIBUIÇÃO METÁLICO DENOMINADO (QPG), TIPO MODULAR, CONFORME NORMA NBR 60439-1/2003 (TIPO TTA) | C84: =MIN(E86:J86) -> 0 | D84: UN | K84: MAT.
C85: CONTATO | K85: MEDIANA | L85: 30% MAIOR | M85: 30%MENOR
C86: PREÇO | K86: =MEDIAN(E86:J86) -> #NUM! | L86: =K86*1.3 -> #NUM! | M86: =K86*0.7 -> #NUM!
C87: CNPJ
C88: TELEFONE
C89: DATA
A91: COTAÇÃO-0013 | B91: QUADRO DE DISTRIBUIÇÃO METÁLICO DENOMINADO (QGDEE), TIPO MODULAR, CONFORME NORMA NBR 60439-1/2003 (TIPO TTA) | C91: =MIN(E93:J93) -> 0 | D91: UN | K91: MAT.
C92: CONTATO | K92: MEDIANA | L92: 30% MAIOR | M92: 30%MENOR
C93: PREÇO | K93: =MEDIAN(E93:J93) -> #NUM! | L93: =K93*1.3 -> #NUM! | M93: =K93*0.7 -> #NUM!
C94: CNPJ
C95: TELEFONE
C96: DATA
A98: COTAÇÃO-0014 | B98: QUADRO DE DISTRIBUIÇÃO METÁLICO DENOMINADO (QSDEE), TIPO MODULAR, CONFORME NORMA NBR 60439-1/2003 (TIPO TTA) | C98: =MIN(E100:J100) -> 0 | D98: UN | K98: MAT.
C99: CONTATO | K99: MEDIANA | L99: 30% MAIOR | M99: 30%MENOR
C100: PREÇO | K100: =MEDIAN(E100:J100) -> #NUM! | L100: =K100*1.3 -> #NUM! | M100: =K100*0.7 -> #NUM!
C101: CNPJ
C102: TELEFONE
C103: DATA
A105: COTAÇÃO-0015 | B105: QUADRO DE DISTRIBUIÇÃO METÁLICO DENOMINADO (QGD-NB), TIPO MODULAR, CONFORME NORMA NBR 60439-1/2003 (TIPO TTA) | C105: =MIN(E107:J107) -> 0 | D105: UN | K105: MAT.
C106: CONTATO | K106: MEDIANA | L106: 30% MAIOR | M106: 30%MENOR
C107: PREÇO | K107: =MEDIAN(E107:J107) -> #NUM! | L107: =K107*1.3 -> #NUM! | M107: =K107*0.7 -> #NUM!
C108: CNPJ
C109: TELEFONE
C110: DATA
A112: COTAÇÃO-002 | B112: MOBILIZAÇÃO E DESMOBILIZAÇÃO DE EQUIPAMENTOS-SONDAGEM SIMPLES | C112: =MIN(E114:J114) -> 600 | D112: UND | E112: TORRES GEOTECNIA | F112: FUNDEX | G112: SONDA SOLOS | K112: MAT.
C113: CONTATO | E113: torrespropostas@gmail.com | F113: dickranjr@fundex.com.br | G113: sonda@sondaengenharia.com.br | K113: MEDIANA | L113: 30% MAIOR | M113: 30%MENOR
C114: PREÇO | E114: 2000 | F114: 600 | G114: 1200 | K114: =MEDIAN(E114:J114) -> 1200 | L114: =K114*1.3 -> 1560 | M114: =K114*0.7 -> 840
C115: CNPJ | E115: 26.876.013/0001-12 | F115: 09.070.704/0001-75 | G115: 00.313.809/0001-73
C116: TELEFONE | E116: (31) 3024-0362 | F116: (61) 3363-8606 | G116: (61) 3363-9199
...

Sheet SERVIÇOS
A1: PCI.817.01 - CUSTO DE COMPOSIÇÕES - SINTÉTICO DATA DE EMISSÃO: 11/02/2022 23:21:50 DATA DE RT: 11/02/2022
A2: ENCARGOS SOCIAIS DESONERADOS: 81,53%(HORA) 46,82%(MÊS)
A3: ABRANGÊNCIA : NACIONAL LOCALIDADE : BRASILIA DATA DE PREÇO : 01/2022 REFERÊNCIA COLETA : MEDIANO
A5: CODIGO DA COMPOSICAO | B5: DESCRICAO DA COMPOSICAO | C5: UNIDADE | D5: CUSTO TOTAL | E5: TIPO
A7: 97141 | B7: ASSENTAMENTO DE TUBO DE FERRO FUNDIDO PARA REDE DE ÁGUA, DN 80 MM, JUNTA ELÁSTICA, INSTALADO EM LOCAL COM NÍVEL ALTO DE INTERFERÊNCIAS (NÃO INCLUI FORNECIMENTO). AF_11/2017 | C7: M | D7: 6,50 | E7: SER.CG
A8: 97142 | B8: ASSENTAMENTO DE TUBO DE FERRO FUNDIDO PARA REDE DE ÁGUA, DN 100 MM, JUNTA ELÁSTICA, INSTALADO EM LOCAL COM NÍVEL ALTO DE INTERFERÊNCIAS (NÃO INCLUI FORNECIMENTO). AF_11/2017 | C8: M | D8: 7,21 | E8: SER.CG
A9: 97143 | B9: ASSENTAMENTO DE TUBO DE FERRO FUNDIDO PARA REDE DE ÁGUA, DN 150 MM, JUNTA ELÁSTICA, INSTALADO EM LOCAL COM NÍVEL ALTO DE INTERFERÊNCIAS (NÃO INCLUI FORNECIMENTO). AF_11/2017 | C9: M | D9: 9,06 | E9: SER.CG
A10: 97144 | B10: ASSENTAMENTO DE TUBO DE FERRO FUNDIDO PARA REDE DE ÁGUA, DN 200 MM, JUNTA ELÁSTICA, INSTALADO EM LOCAL COM NÍVEL ALTO DE INTERFERÊNCIAS (NÃO INCLUI FORNECIMENTO). AF_11/2017 | C10: M | D10: 10,90 | E10: SER.CG
A11: 97145 | B11: ASSENTAMENTO DE TUBO DE FERRO FUNDIDO PARA REDE DE ÁGUA, DN 250 MM, JUNTA ELÁSTICA, INSTALADO EM LOCAL COM NÍVEL ALTO DE INTERFERÊNCIAS (NÃO INCLUI FORNECIMENTO). AF_11/2017 | C11: M | D11: 12,76 | E11: SER.CG
A12: 97146 | B12: ASSENTAMENTO DE TUBO DE FERRO FUNDIDO PARA REDE DE ÁGUA, DN 300 MM, JUNTA ELÁSTICA, INSTALADO EM LOCAL COM NÍVEL ALTO DE INTERFERÊNCIAS (NÃO INCLUI FORNECIMENTO). AF_11/2017 | C12: M | D12: 14,63 | E12: SER.CG
A13: 97147 | B13: ASSENTAMENTO DE TUBO DE FERRO FUNDIDO PARA REDE DE ÁGUA, DN 350 MM, JUNTA ELÁSTICA, INSTALADO EM LOCAL COM NÍVEL ALTO DE INTERFERÊNCIAS (NÃO INCLUI FORNECIMENTO). AF_11/2017 | C13: M | D13: 16,50 | E13: SER.CG
A14: 97148 | B14: ASSENTAMENTO DE TUBO DE FERRO FUNDIDO PARA REDE DE ÁGUA, DN 400 MM, JUNTA ELÁSTICA, INSTALADO EM LOCAL COM NÍVEL ALTO DE INTERFERÊNCIAS (NÃO INCLUI FORNECIMENTO). AF_11/2017 | C14: M | D14: 18,34 | E14: SER.CG
A15: 97149 | B15: ASSENTAMENTO DE TUBO DE FERRO FUNDIDO PARA REDE DE ÁGUA, DN 450 MM, JUNTA ELÁSTICA, INSTALADO EM LOCAL COM NÍVEL ALTO DE INTERFERÊNCIAS (NÃO INCLUI FORNECIMENTO). AF_11/2017 | C15: M | D15: 20,24 | E15: SER.CG
A16: 97150 | B16: ASSENTAMENTO DE TUBO DE FERRO FUNDIDO PARA REDE DE ÁGUA, DN 500 MM, JUNTA ELÁSTICA, INSTALADO EM LOCAL COM NÍVEL ALTO DE INTERFERÊNCIAS (NÃO INCLUI FORNECIMENTO). AF_11/2017 | C16: M | D16: 27,23 | E16: SER.CG
A17: 97151 | B17: ASSENTAMENTO DE TUBO DE FERRO FUNDIDO PARA REDE DE ÁGUA, DN 600 MM, JUNTA ELÁSTICA, INSTALADO EM LOCAL COM NÍVEL ALTO DE INTERFERÊNCIAS (NÃO INCLUI FORNECIMENTO). AF_11/2017 | C17: M | D17: 31,73 | E17: SER.CG
A18: 97152 | B18: ASSENTAMENTO DE TUBO DE FERRO FUNDIDO PARA REDE DE ÁGUA, DN 700 MM, JUNTA ELÁSTICA, INSTALADO EM LOCAL COM NÍVEL ALTO DE INTERFERÊNCIAS (NÃO INCLUI FORNECIMENTO). AF_11/2017 | C18: M | D18: 35,94 | E18: SER.CG
... A1784: 94274 | B1784: ASSENTAMENTO DE GUIA (MEIO-FIO) EM TRECHO CURVO, CONFECCIONADA EM CONCRETO PRÉ-FABRICADO, DIMENSÕES 100X15X13X30 CM (COMPRIMENTO X BASE INFERIOR X BASE SUPERIOR X ALTURA), PARA VIAS URBANAS (USO VIÁRIO). AF_06/2016 | C1784: M | D1784: 54,30 | E1784: SER.CG
A1785: 94275 | B1785: ASSENTAMENTO DE GUIA (MEIO-FIO) EM TRECHO RETO, CONFECCIONADA EM CONCRETO PRÉ-FABRICADO, DIMENSÕES 100X15X13X20 CM (COMPRIMENTO X BASE INFERIOR X BASE SUPERIOR X ALTURA), PARA URBANIZAÇÃO INTERNA DE EMPREENDIMENTOS. AF_06/2016_P | C1785: M | D1785: 48,82 | E1785: SER.CG | F1785: =D1785*0.05 -> 2.441
A1786: 94276 | B1786: ASSENTAMENTO DE GUIA (MEIO-FIO) EM TRECHO CURVO, CONFECCIONADA EM CONCRETO PRÉ-FABRICADO, DIMENSÕES 100X15X13X20 CM (COMPRIMENTO X BASE INFERIOR X BASE SUPERIOR X ALTURA), PARA URBANIZAÇÃO INTERNA DE EMPREENDIMENTOS. AF_06/2016_P | C1786: M | D1786: 52,34 | E1786: SER.CG
A1787: 94277 | B1787: ASSENTAMENTO DE GUIA (MEIO-FIO) EM TRECHO RETO, CONFECCIONADA EM CONCRETO PRÉ-FABRICADO, DIMENSÕES 80X08X08X25 CM (COMPRIMENTO X BASE INFERIOR X BASE SUPERIOR X ALTURA), PARA URBANIZAÇÃO INTERNA DE EMPREENDIMENTOS. AF_06/2016 | C1787: M | D1787: 40,28 | E1787: SER.CG
A1788: 94278 | B1788: ASSENTAMENTO DE GUIA (MEIO-FIO) EM TRECHO CURVO, CONFECCIONADA EM CONCRETO PRÉ-FABRICADO, DIMENSÕES 80X08X08X25 CM (COMPRIMENTO X BASE INFERIOR X BASE SUPERIOR X ALTURA), PARA URBANIZAÇÃO INTERNA DE EMPREENDIMENTOS. AF_06/2016 | C1788: M | D1788: 43,80 | E1788: SER.CG
A1789: 94279 | B1789: ASSENTAMENTO DE GUIA (MEIO-FIO) EM TRECHO RETO, CONFECCIONADA EM CONCRETO PRÉ-FABRICADO, DIMENSÕES 39X6,5X6,5X19 CM (COMPRIMENTO X BASE INFERIOR X BASE SUPERIOR X ALTURA), PARA DELIMITAÇÃO DE JARDINS, PRAÇAS OU PASSEIOS. AF_05/2016 | C1789: M | D1789: 47,15 | E1789: SER.CG
A1790: 94280 | B1790: ASSENTAMENTO DE GUIA (MEIO-FIO) EM TRECHO CURVO, CONFECCIONADA EM CONCRETO PRÉ-FABRICADO, DIMENSÕES 39X6,5X6,5X19 CM (COMPRIMENTO X BASE INFERIOR X BASE SUPERIOR X ALTURA), PARA DELIMITAÇÃO DE JARDINS, PRAÇAS OU PASSEIOS. AF_05/2016 | C1790: M | D1790: 50,67 | E1790: SER.CG
A1791: 94281 | B1791: EXECUÇÃO DE SARJETA DE CONCRETO USINADO, MOLDADA IN LOCO EM TRECHO RETO, 30 CM BASE X 15 CM ALTURA. AF_06/2016 | C1791: M | D1791: 46,36 | E1791: SER.CG
A1792: 94282 | B1792: EXECUÇÃO DE SARJETA DE CONCRETO USINADO, MOLDADA IN LOCO EM TRECHO CURVO, 30 CM BASE X 15 CM ALTURA. AF_06/2016 | C1792: M | D1792: 57,09 | E1792: SER.CG
A1793: 94283 | B1793: EXECUÇÃO DE SARJETA DE CONCRETO USINADO, MOLDADA IN LOCO EM TRECHO RETO, 45 CM BASE X 15 CM ALTURA. AF_06/2016 | C1793: M | D1793: 59,25 | E1793: SER.CG
A1794: 94284 | B1794: EXECUÇÃO DE SARJETA DE CONCRETO USINADO, MOLDADA IN LOCO EM TRECHO CURVO, 45 CM BASE X 15 CM ALTURA. AF_06/2016 | C1794: M | D1794: 69,99 | E1794: SER.CG
A1795: 94285 | B1795: EXECUÇÃO DE SARJETA DE CONCRETO USINADO, MOLDADA IN LOCO EM TRECHO RETO, 60 CM BASE X 15 CM ALTURA. AF_06/2016 | C1795: M | D1795: 71,63 | E1795: SER.CG
A1796: 94286 | B1796: EXECUÇÃO DE SARJETA DE CONCRETO USINADO, MOLDADA IN LOCO EM TRECHO CURVO, 60 CM BASE X 15 CM ALTURA. AF_06/2016 | C1796: M | D1796: 82,36 | E1796: SER.CG
A1797: 94287 | B1797: EXECUÇÃO DE SARJETA DE CONCRETO USINADO, MOLDADA IN LOCO EM TRECHO RETO, 30 CM BASE X 10 CM ALTURA. AF_06/2016 | C1797: M | D1797: 36,30 | E1797: SER.CG
... A7207: 101460 | B7207: VIGIA DIURNO COM ENCARGOS COMPLEMENTARES | C7207: MES | D7207: 3.079,51 | E7207: M.O

Sheet INSUMOS
A1: PRECOS DE INSUMOS
A3: MES DE COLETA: 01/2022
A4: LOCALIDADE: 4495 - BRASILIA
A5: ENCARGOS SOCIAIS (%) HORISTA 81,53 MENSALISTA 46,82
A7: CODIGO | B7: DESCRICAO DO INSUMO | C7: UNIDADE | D7: PRECO MEDIANO R$ | E7: TIPO
A8: 2418 | B8: !EM PROCESSO DE DESATIVACAO! DOBRADICA EM ACO/FERRO, 3" X 2 1/2", E= 1,2 A 1,8 MM, SEM ANEL, CROMADO OU ZINCADO, TAMPA BOLA, COM PARAFUSOS | C8: UN | D8: 9,84 | E8: MAT.
A9: 3378 | B9: !EM PROCESSO DE DESATIVACAO! HASTE DE ATERRAMENTO EM ACO COM 3,00 M DE COMPRIMENTO E DN = 3/4", REVESTIDA COM BAIXA CAMADA DE COBRE, SEM CONECTOR | C9: UN | D9: 113,08 | E9: MAT.
A10: 3380 | B10: !EM PROCESSO DE DESATIVACAO! HASTE DE ATERRAMENTO EM ACO COM 3,00 M DE COMPRIMENTO E DN = 5/8", REVESTIDA COM BAIXA CAMADA DE COBRE, COM CONECTOR TIPO GRAMPO | C10: UN | D10: 79,16 | E10: MAT.
A11: 3379 | B11: !EM PROCESSO DE DESATIVACAO! HASTE DE ATERRAMENTO EM ACO COM 3,00 M DE COMPRIMENTO E DN = 5/8", REVESTIDA COM BAIXA CAMADA DE COBRE, SEM CONECTOR | C11: UN | D11: 76,43 | E11: MAT.
A12: 615 | B12: !EM PROCESSO DE DESATIVACAO! JANELA BASCULANTE, ACO, COM BATENTE/REQUADRO, 60 X 80 CM (SEM VIDROS) | C12: M2 | D12: 501,05 | E12: MAT.
A13: 606 | B13: !EM PROCESSO DE DESATIVACAO! JANELA DE CORRER, ACO, BATENTE/REQUADRO DE 6 A 14 CM, QUADRICULADA, PINTURA ANTICORROSIVA, SEM VIDRO, BANDEIRA COM BASCULA, 4 FLS, 120 X 150 CM (A X L) | C13: M2 | D13: 787,10 | E13: MAT.
A14: 13382 | B14: !EM PROCESSO DE DESATIVACAO! LUMINARIA FECHADA P/ ILUMINACAO PUBLICA, TIPO ABL 50/F OU EQUIV, P/ LAMPADA A VAPOR DE MERCURIO 400W | C14: UN | D14: 227,02 | E14: MAT.
A15: 11199 | B15: !EM PROCESSO DE DESATIVACAO!JANELA DE CORRER, ACO, BATENTE/REQUADRO DE 6 A 14 CM, COM DIVISAO HORIZ , PINT ANTICORROSIVA, SEM VIDRO, BANDEIRA COM BASCULA, 4 FLS, 120 X 150 CM (A X L) | C15: UN | D15: 1.129,41 | E15: MAT.
A16: 21136 | B16: !EM PROCESSO DESATIVACAO! ELETRODUTO EM ACO GALVANIZADO ELETROLITICO, LEVE, DIAMETRO 1", PAREDE DE 0,90 MM | C16: M | D16: 16,27 | E16: MAT.
A17: 21128 | B17: !EM PROCESSO DESATIVACAO! ELETRODUTO EM ACO GALVANIZADO ELETROLITICO, LEVE, DIAMETRO 3/4", PAREDE DE 0,90 MM | C17: M | D17: 12,59 | E17: MAT.
A18: 21130 | B18: !EM PROCESSO DESATIVACAO! ELETRODUTO EM ACO GALVANIZADO ELETROLITICO, SEMI-PESADO, DIAMETRO 1 1/2", PAREDE DE 1,20 MM | C18: M | D18: 31,80 | E18: MAT.
A19: 21135 | B19: !EM PROCESSO DESATIVACAO! ELETRODUTO EM ACO GALVANIZADO ELETROLITICO, SEMI-PESADO, DIAMETRO 1 1/4", PAREDE DE 1,20 MM | C19: M | D19: 31,30 | E19: MAT.
... A5222: 41776 | B5222: VIGIA NOTURNO, HORA EFETIVAMENTE TRABALHADA DE 22 H AS 5 H (COM ADICIONAL NOTURNO) | C5222: H | D5222: 13,81 | E5222: M.O
A5224: TOTAL DE INSUMOS : 5215
A5225: 34345 | B5225: VIGIA DIURNO | C5225: H | D5225: 12.14 | E5225: M.O
A5226: 41096 | B5226: VIGIA DIURNO (MENSALISTA) | C5226: MES | D5226: 2164.39 | E5226: M.O
A5227: 41776 | B5227: VIGIA NOTURNO, HORA EFETIVAMENTE TRABALHADA DE 22 H AS 5 H (COM ADICIONAL NOTURNO) | C5227: H | D5227: 16.64 | E5227: M.O
A5229: TOTAL DE INSUMOS : 5220
A5230: 11786 | B5230: VASO SANITARIO SIFONADO INFANTIL LOUCA BRANCA | C5230: UN | D5230: 253.8 | E5230: MAT.
A5231: 13726 | B5231: VASSOURA MECANICA REBOCAVEL COM ESCOVA CILINDRICA LARGURA UTIL DE VARRIMENTO = 2,44M | C5231: UN | D5231: 32618.97 | E5231: MAT.
A5232: 38400 | B5232: VASSOURA 40 CM COM CABO | C5232: UN | D5232: 12.73 | E5232: MAT.
A5233: 12627 | B5233: VEDACAO DE CALHA, EM BORRACHA COR PRETA, MEDIDA ENTRE 119 E 170 MM, PARA DRENAGEM PLUVIAL PREDIAL | C5233: UN | D5233: 0.43 | E5233: MAT.
A5234: 6138 | B5234: VEDACAO PVC, 100 MM, PARA SAIDA VASO SANITARIO | C5234: UN | D5234: 2.03 | E5234: MAT.
A5235: 39996 | B5235: VERGALHAO ZINCADO ROSCA TOTAL, 1/4 " (6,3 MM) | C5235: M | D5235: 2 | E5235: MAT.
A5236: 10478 | B5236: VERNIZ POLIURETANO BRILHANTE PARA MADEIRA, COM FILTRO SOLAR, USO INTERNO E EXTERNO | C5236: L | D5236: 26.46 | E5236: MAT.
A5237: 40514 | B5237: VERNIZ POLIURETANO BRILHANTE PARA MADEIRA, SEM FILTRO SOLAR, USO INTERNO E EXTERNO | C5237: L | D5237: 23.44 | E5237: MAT.
A5238: 10475 | B5238: VERNIZ SINTETICO BRILHANTE PARA MADEIRA TIPO COPAL, USO INTERNO | C5238: L | D5238: 23.28 | E5238: MAT.
A5239: 10481 | B5239: VERNIZ SINTETICO BRILHANTE PARA MADEIRA, COM FILTRO SOLAR, USO INTERNO E EXTERNO (BASE SOLVENTE) | C5239: L | D5239: 25.39 | E5239: MAT.
A5240: 4031 | B5240: VEU DE VIDRO/VEU DE SUPERFICIE 30 A 35 G/M2 | C5240: M2 | D5240: 22.67 | E5240: MAT.
A5241: 4030 | B5241: VEU POLIESTER | C5241: M2 | D5241: 4.82 | E5241: MAT.
... A5294: 11157 | B5294: WASH PRIMER PARA TINTA AUTOMOTIVA | C5294: GL | D5294: 121.45 | E5294: MAT.
A5296: TOTAL DE INSUMOS : 5287
A5297: M1378 | B5297: Chapa de aço ASTM A36 | C5297: KG | D5297: 4.6783 | E5297: MAT. | G5297: SICRO
A5298: M0682 | B5298: Aço em perfis ASTM A36 | C5298: KG | D5298: 6.424 | E5298: MAT. | G5298: SICRO
A5299: 17001000276 | B5299: Veneziana para descarga de ar com lâminas fixas, 200 x 50 cm | C5299: UN | E5299: MAT. | G5299: TCPO
A5300: 17001000275 | B5300: Veneziana para descarga de ar com lâminas fixas, 200 x 40 cm | C5300: UN | E5300: MAT. | G5300: TCPO
A5301: 14001000902 | B5301: Tubo de ferro fundido Ø 150 mm - 6" | C5301: M | E5301: MAT. | G5301: TCPO
A5302: 14001000925 | B5302: LUBRIFICANTE DE TUBO DE FERRO FUNDIDO | C5302: KG | E5302: MAT. | G5302: TCPO
A5303: 14001000883 | B5303: ANEL DE BORRACHA PARA FERRO FUNDIDO DE Ø 150 mm - 6" | C5303: UN | E5303: MAT. | G5303: TCPO
A5304: 14001000914 | B5304: Joelho 90° de ferro fundido junta elástica Ø 150 mm - 6" | C5304: UN | E5304: MAT. | G5304: TCPO
A5305: 13002000018 | B5305: PORTA DE FERRO 2 FOLHAS INCLUSIVE BATENTE E FERRAGENS | C5305: M2 | E5305: MAT. | G5305: TCPO
A5306: 15002000003 | B5306: BANCADA DE AÇO INOXIDÁVEL COM ACABAMENTO ESCOVADO E CANTOS RETOS #4CM | C5306: M2 | E5306: MAT. | G5306: TCPO
A5309: TOTAL DE INSUMOS : 5344
A5310: 25970 | B5310: VIBROACABADORA DE ASFALTO SOBRE ESTEIRAS, LARG. PAVIM. 2,13 M A 4,55 M, POT. 74 KW/ 100 HP, CAP. 400 T/ H | C5310: UN | D5310: 994.026,08 | E5310: MAT.
A5311: 13476 | B5311: VIBROACABADORA DE ASFALTO SOBRE ESTEIRAS, LARG. PAVIM. 2,60 M A 5,75 M, POT. 110 HP, CAP. 450 T/ H | C5311: UN | D5311: 1.001.229,24 | E5311: MAT.
A5312: 10488 | B5312: VIBROACABADORA DE ASFALTO SOBRE ESTEIRAS, LARG. PAVIMENT. 1,90 A 5,3 M, POT. 78 KW/105 HP, CAP. 450 T/H | C5312: UN | D5312: 1.213.000,00 | E5312: MAT.
A5313: 13606 | B5313: VIBROACABADORA DE ASFALTO SOBRE RODAS, LARGURA DE PAVIMENTACAO DE 1,70 A 4,20 M, POTENCIA 78 KW/105 HP, CAPACIDADE 300 T/H | C5313: UN | D5313: 1.074.700,65 | E5313: MAT.
A5314: 10489 | B5314: VIDRACEIRO | C5314: H | D5314: 13,98 | E5314: M.O
A5315: 41073 | B5315: VIDRACEIRO (MENSALISTA) | C5315: MES | D5315: 2.488,49 | E5315: M.O
A5316: 34391 | B5316: VIDRO COMUM LAMINADO LISO INCOLOR DUPLO, ESPESSURA TOTAL 8 MM (CADA CAMADA DE 4 MM) - COLOCADO | C5316: M2 | D5316: 373,35 | E5316: MAT.
A5317: 10496 | B5317: VIDRO COMUM LAMINADO, LISO, INCOLOR, DUPLO, ESPESSURA TOTAL 6 MM (CADA CAMADA E= 3 MM) - COLOCADO | C5317: M2 | D5317: 325,00 | E5317: MAT.
A5318: 10497 | B5318: VIDRO COMUM LAMINADO, LISO, INCOLOR, TRIPLO, ESPESSURA TOTAL 12 MM (CADA CAMADA E= 4 MM) - COLOCADO | C5318: M2 | D5318: 844,99 | E5318: MAT.
A5319: 10504 | B5319: VIDRO COMUM LAMINADO, LISO, INCOLOR, TRIPLO, ESPESSURA TOTAL 15 MM (CADA CAMADA E = 5 MM) - COLOCADO | C5319: M2 | D5319: 988,00 | E5319: MAT.
A5320: 34390 | B5320: VIDRO CRISTAL COLORIDO, 10 MM, PINTADO NA COR BRANCA | C5320: M2 | D5320: 291,20 | E5320: MAT.
A5321: 34389 | B5321: VIDRO CRISTAL COLORIDO, 4 MM, PINTADO NA COR BRANCA | C5321: M2 | D5321: 91,00 | E5321: MAT.
... A5354: 11157 | B5354: WASH PRIMER PARA TINTA AUTOMOTIVA | C5354: GL | D5354: 105,18 | E5354: MAT.
A5356: TOTAL DE INSUMOS : 5347
A5380: M0682-SICRO | B5380: Aço em perfis ASTM A36 | C5380: KG | D5380: 5.6931 | E5380: MAT.
A5381: 11157 | B5381: WASH PRIMER PARA TINTA AUTOMOTIVA | C5381: GL | D5381: 111.02 | E5381: MAT.
A5382: TOTAL DE INSUMOS : 5344

Sheet Encargos 

Sheet BDI-Edificações
B2: BENEFÍCIOS E DESPESAS INDIRETAS
B3: Edificações
B4: COM Desoneração da Folha de Pagamento
H5: Médio
B6: Grupo | C6: Componentes | H6: Incidências
B7: Despesas Indiretas
B8: A | C8: Administração Central | H8: 0.04
C9: Seguros + Garantias | H9: 0.008
C10: Riscos | H10: 0.0127
C11: Despesas Financeiras | H11: 0.0123
B12: Subtotal A | H12: =SUM(H8:H11) -> 0.073
B13: Tributos
B14: B | C14: COFINS - Contribuição Para o Financiamento Seguridade Social | H14: 0.03
C15: PIS - Programa de Integração Social | H15: 0.0065
C16: ISS - Imposto Sobre Serviços de Qualquer Natureza | H16: 0.01
C17: CPRB - Contribuição Previdenciária Sobre Receita Bruta | H17: =IF(B4="COM Desoneração da Folha de Pagamento",0.045,0) -> 0.045
B18: Subtotal B | H18: =SUM(H14:H17) -> 0.0915
B19: Bonificação
B20: C | C20: Lucro | H20: 0.074
B21: Subtotal C | H21: =SUM(H20:H20) -> 0.074
B22: BDI | H22: =((((((1+(H8+H9+H10))*((1+H11)*(1+H21)))/(1-H18))-1)*100))/100 -> 0.26934932
B24: FÓRMULA PARA CÁLCULO DO BDI
B25: BDI = | C25: [( | D25: (1 + (AC + S + R + G)) x ((1 + DF) X (1 + L)) | E25: ) | F25: -1 | G25: ] | H25: X 100
D26: (1 - I)
B28: AC | C28: Taxa representativa das despesas de rateio da Administração Central
B29: S | C29: Taxa Representativa de Seguros
B30: R | C30: Taxa Representativa de Riscos
B31: G | C31: Taxa Representativa de Garantias
B32: DF | C32: Taxa Representativa de Despesas Financeiras
B33: L | C33: Taxa Representativa de Lucro
B34: I | C34: Taxa Representativa de Incidência de Impostos
C35: Taxa Representativa da Incidência de Impostos é aplicada sobre o preço de venda da prestação do serviço, enquanto que as demais taxas são aplicadas sobre o custo
B37: Referência:
B38: Relatório do Acordão n° 2.622/2013 - TCU/Plenário
B43: Edificações
B44: Vias Urbanas e Rodovias (incluindo obras de arte especiais)
B45: Drenagem Pluvial, Redes de Abastecimento de Água, Coleta de Esgoto e Construções Correlatas
B46: Drenagem Pluvial com Pavimentação
B47: Paisagismo, Parques e Jardins
B48: Obras de Menor Complexidade (Praças, Calçadas, Ciclovias, Meios Fios, Quiosques e Obras Correlatas)
B49: Fornecimento de Materiais Betuminosos e Outros Materiais e Equipamentos de Grande Relevância de Natureza Específica
B51: COM Desoneração da Folha de Pagamento
B52: SEM Desoneração da Folha de Pagamento
B54: 1º Quartil
... B56: 3º Quartil
